Map: Ultralove

Players

Serral

  • Race: Zerg Zerg
  • Spawn Location: 7:00

FalconsSolar (Solar) - Winner!

  • Race: Zerg Zerg
  • Spawn Location: 1:00

Event: DreamHack Dallas 2025

VOD

Have the link to the VOD?

Description

Time

  • Played on: May 24, 2025, 1:12 p.m.
  • Length: 9:31

All games in this series

Show
View Real Time Build Order
Export as new Build Order

Serral Zerg 

Build Orders: Hatch First 

Get SALT Encoding   

  12  0:00  Drone  
  13  0:08  Drone  
  13  0:14  Drone, Extractor  
  15  0:21  Overlord  
  15  0:39  Drone  
  16  0:44  Hatchery  
  16  0:48  Drone  
  16  0:52  Drone  
  16  0:55  Drone  
  18  1:05  Extractor  
  18  1:10  Spawning Pool  
  16  1:13  Drone  
  16  1:17  Drone  
  18  1:26  Drone  
  19  1:39  Drone  
  20  1:48  Drone  
  21  1:56  Queen x2  
  21  1:58  Zergling x2, Overlord  
  26  2:05  Metabolic Boost  
  26  2:09  Drone  
  26  2:11  Drone  
  28  2:20  Drone  
  28  2:22  Zergling x2  
  30  2:31  Hatchery  
  30  2:35  Drone  
  30  2:36  Drone  
  31  2:39  Drone  
  31  2:42  Overlord  
  32  2:51  Drone  
  32  2:52  Drone  
  32  2:55  Queen  
  36  3:05  Zergling x8  
  40  3:08  Zergling x4  
  40  3:11  Zergling x2  
  40  3:12  Zergling x2  
  44  3:16  Overlord  
  44  3:22  Baneling Nest  
  44  3:25  Zergling x2  
  43  3:34  Zergling x2  
  43  3:35  Zergling x4  
  43  3:38  Zergling x8  
  50  3:52  Zergling x4, Overlord  
  52  3:58  Roach Warren  
  52  4:02  Zergling x6  
  54  4:05  Overlord  
  54  4:09  Baneling x2  
  53  4:13  Zergling x10  
  53  4:16  Baneling x3  
  58  4:21  Baneling  
  58  4:26  Zergling x2  
  58  4:27  Zergling x6  
  58  4:29  Overlord  
  60  4:37  Baneling  
  60  4:41  Zergling x10  
  61  4:54  Zergling x12  
  61  4:59  Zergling x4  
  52  5:08  Zergling x8  
  52  5:09  Zergling x2  
  57  5:16  Baneling x3  
  57  5:18  Zergling x6  
  57  5:28  Zergling x2  
  57  5:29  Zergling x8  
  57  5:33  Zergling x4  
  52  5:40  Drone x2  
  53  5:45  Drone x2  
  53  5:48  Extractor, Roach  
  53  5:49  Roach  
  58  5:52  Drone x2  
  63  5:57  Roach  
  62  6:08  Overlord  
  62  6:09  Drone x2  
  64  6:20  Drone x2  
  64  6:24  Drone x4  
  69  6:26  Roach x2  
  69  6:30  Overlord  
  73  6:34  Drone  
  73  6:35  Drone x2  
  73  6:37  Extractor  
  73  6:38  Extractor  
  74  6:45  Drone x2  
  74  6:46  Roach x2  
  80  6:50  Overlord  
  80  6:57  Drone  
  81  7:04  Roach x3  
  81  7:05  Drone x2  
  81  7:07  Drone x2  
  90  7:12  Roach x2  
  94  7:17  Extractor  
  94  7:20  Drone  
  94  7:22  Roach x4  
  100  7:27  Overlord  
  100  7:29  Overlord  
  100  7:31  Roach x2  
  100  7:34  Overlord  
  104  7:39  Overlord  
  104  7:41  Overlord x2  
  104  7:45  Overlord  
  104  7:48  Ravager  
  104  7:49  Evolution Chamber  
  104  7:53  Roach x3  
  104  7:55  Roach x2  
  104  7:58  Roach  
  117  8:01  Roach  
  117  8:04  Roach x2  
  120  8:11  Roach x3  
  126  8:17  Overlord  
  126  8:19  Roach x2  
  127  8:25  Roach x3  
  123  8:32  Roach  
  123  8:33  Zergling x6  
  115  8:35  Zergling x2, Roach  
  115  8:37  Zergling x2  
  99  8:41  Roach x2  
  99  8:44  Roach  
  99  8:47  Roach  
  101  8:51  Roach x2  
  101  8:53  Zergling x2  
  93  8:56  Zergling x2, Roach  
  93  9:02  Roach x2  
  90  9:04  Roach  
Show
View Real Time Build Order
Export as new Build Order

FalconsSolar Zerg - Winner!

Build Orders: Hatch First 

Get SALT Encoding   

  12  0:00  Drone  
  13  0:08  Drone  
  14  0:14  Extractor  
  14  0:15  Drone  
  15  0:21  Overlord  
  15  0:40  Drone  
  15  0:41  Drone  
  17  0:48  Hatchery  
  16  0:52  Drone  
  16  0:55  Drone  
  18  0:59  Extractor  
  17  1:11  Spawning Pool  
  16  1:13  Drone  
  16  1:17  Drone  
  18  1:26  Drone  
  19  1:37  Drone  
  20  1:48  Drone  
  21  2:00  Queen x2  
  25  2:01  Zergling x2  
  25  2:02  Metabolic Boost  
  25  2:06  Overlord  
  26  2:11  Drone  
  26  2:12  Drone  
  28  2:24  Zergling x2  
  28  2:26  Drone  
  30  2:33  Hatchery  
  30  2:34  Drone  
  30  2:36  Drone  
  31  2:42  Overlord  
  31  2:44  Zergling x2  
  31  2:52  Drone  
  31  2:54  Zergling x2  
  33  3:08  Zergling x16  
  41  3:15  Roach Warren  
  41  3:17  Drone  
  41  3:23  Overlord  
  41  3:31  Drone  
  41  3:32  Zergling x2  
  43  3:38  Overlord  
  43  3:47  Zergling x6  
  46  3:49  Zergling x4  
  48  3:56  Roach x4  
  48  3:58  Roach  
  58  4:07  Roach x2  
  61  4:10  Overlord  
  61  4:13  Roach x2  
  65  4:21  Overlord  
  65  4:26  Overlord  
  65  4:29  Roach x2  
  68  4:35  Zergling x6  
  68  4:38  Zergling x2  
  71  4:40  Zergling x2  
  71  4:45  Drone x2  
  73  4:51  Roach x2  
  77  4:55  Zergling x2, Roach  
  77  4:58  Zergling x2  
  69  5:02  Zergling x4  
  69  5:04  Zergling x2  
  59  5:09  Roach  
  59  5:10  Roach  
  61  5:16  Zergling x6  
  61  5:19  Roach  
  66  5:27  Roach  
  66  5:31  Zergling x10  
  66  5:35  Zergling x4  
  65  5:38  Drone x2  
  65  5:42  Extractor  
  66  5:43  Roach  
  66  5:46  Roach  
  70  5:54  Roach  
  72  6:02  Drone x2  
  72  6:03  Drone x2  
  73  6:05  Roach  
  73  6:08  Queen  
  73  6:10  Drone  
  76  6:11  Drone  
  76  6:14  Roach  
  76  6:16  Drone  
  80  6:19  Drone  
  80  6:20  Drone  
  80  6:25  Roach  
  81  6:26  Drone  
  81  6:30  Roach  
  81  6:32  Roach  
  84  6:35  Roach  
  84  6:36  Zergling x2  
  84  6:38  Roach  
  89  6:47  Overlord x2  
  89  6:55  Overlord  
  89  7:00  Overlord  
  89  7:06  Roach x6  
  101  7:10  Zergling x6  
  101  7:11  Zergling x2  
  104  7:19  Zergling x10  
  104  7:21  Zergling x2  
  110  7:24  Zergling x2  
  110  7:25  Zergling x2, Ravager  
  110  7:27  Zergling x4  
  110  7:29  Ravager  
  116  7:31  Overlord  
  116  7:35  Overlord  
  116  7:37  Overlord  
  116  7:41  Zergling x2  
  116  7:42  Zergling x2  
  118  7:47  Overlord  
  118  7:52  Zergling x2  
  118  7:53  Zergling x4  
  121  8:02  Zergling x14  
  126  8:06  Zergling x2  
  126  8:09  Ravager  
  126  8:10  Zergling x2  
  129  8:16  Zergling x4  
  129  8:20  Zergling x2  
  129  8:25  Roach  
  119  8:28  Zergling x16  
  119  8:32  Ravager  
  118  8:34  Zergling x4  
  118  8:39  Ravager, Roach  
  118  8:40  Zergling x4  
  105  8:46  Zergling x2  
  99  8:52  Zergling x4  
  99  8:55  Ravager  
  94  8:56  Zergling x12  
  94  9:02  Zergling x4  
  92  9:06  Zergling x2  
  92  9:07  Zergling x2  
  92  9:08  Ravager  
  92  9:12  Zergling x8  
  92  9:15  Ravager  
  93  9:19  Ravager  
  85  9:29  Ravager  
Tags
 
Add a new tag
Caveats
  • Supply blocks, unpowered buildings, or Contaminate may cause inaccurate times.
  • Supply counts are checked every 10 seconds.